 Dungeon Crawl Stone Soup version 0.32-a0-732-ga344392067 (webtiles) character file.

Game seed: 6538903710345630473

3999 Aldia the Toxicologist (level 10, -9/68 HPs)
             Began as an Octopode Alchemist on Mar 16, 2024.
             Was a Believer of Ru.
             Mangled by a wraith (13 damage)
             ... on level 8 of the Dungeon.
             The game lasted 00:16:43 (8444 turns).

Aldia the Toxicologist (Octopode Alchemist)         Turns: 8444, Time: 00:16:44

Health: -9/68      AC:  1    Str:  8    XL:     10   Next: 23%
Magic:  1/20       EV: 14    Int: 21    God:    Ru [**....]
Gold:   326        SH:  5    Dex: 13    Spells: 4/22 levels left

rFire   . . .        p - staff of fire
rCold   x . .        (no shield)
rNeg    . . .        (helmet restricted)
rPois   .            s - amulet of reflection
rElec   .            (no ring)
rCorr   .            (no ring)
SInv    .            (no ring)
Will    .....        (no ring)
Stlth   +++          (no ring)
HPRegen 0.31/turn    (no ring)
MPRegen 0.17/turn    (no ring)
                     (no ring)

%: reflection
@: about to teleport, slowed, very slow
A: almost no armour, amphibious, 8 rings, camouflage 1, gelatinous body 1,
temperature sensitive, (nimble swimmer 1), tentacles
a: Renounce Religion, Sacrifice Health, Sacrifice Essence, Sacrifice Forms,
Reject Sacrifices


You were on level 8 of the Dungeon.
You worshipped Ru.
Ru was pleased with you.
You visited 2 branches of the dungeon, and saw 10 of its levels.

You collected 566 gold pieces.
You spent 240 gold pieces at shops.

Inventory:

Hand Weapons
 d - a +0 short sword
 F - a +4 trident of draining
 H - a +1 whip of electrocution
Missiles
 G - a curare-tipped dart
Magical Staves
 p - a staff of fire (weapon)
Jewellery
 j - a ring of fire
 s - an amulet of reflection (around mantle)
 D - an amulet of guardian spirit
Wands
 w - a wand of charming (3)
 x - a wand of digging (7)
 I - a wand of warping (6)
Scrolls
 e - a scroll of fear {unknown}
 f - 3 scrolls of teleportation
 k - 3 scrolls of noise
 m - a scroll of fog
 o - a scroll of revelation
 q - a scroll of vulnerability
 t - a scroll of butterflies {unknown}
 u - 2 scrolls of amnesia {unknown}
 v - a scroll of silence {unknown}
 y - a scroll of enchant weapon {unknown}
 E - a scroll of poison
Potions
 a - a potion of magic
 b - a potion of heal wounds
 c - 4 potions of curing
 g - 3 potions of might
 h - a potion of ambrosia
 i - 4 potions of enlightenment
 l - a potion of invisibility {unknown}
 n - 2 potions of attraction
 r - a potion of mutation
 z - a potion of berserk rage
 A - a potion of lignification
 B - a potion of brilliance
 C - 2 potions of haste


   Skills:
 + Level 6.0 Fighting
 + Level 5.1 Dodging
 - Level 3.0 Stealth
 + Level 6.7 Spellcasting
 * Level 3.1 Conjurations
 - Level 5.0 Fire Magic
 - Level 2.0 Air Magic
 - Level 9.0 Alchemy


You had 4 spell levels left.
You knew the following spells:

 Your Spells              Type           Power      Damage    Failure   Level
a - Sting                 Conj/Alch      100%       1d9       1%          1
b - Mercury Vapours       Alch/Air       60%        N/A       1%          2
c - Mephitic Cloud        Conj/Alch/Air  26%        N/A       4%          3
d - Olgreb's Toxic Radia  Alch           44%        N/A       2%          4
e - Sticky Flame          Fire/Alch      53%        2d9       4%          4
f - Fulminant Prism       Conj/Alch      16%        3d10      8%          4

Your spell library contained the following spells:

 Spells                   Type           Power      Damage    Failure   Level
 Magic Dart               Conj           80%        1d7       2%          1
 Searing Ray              Conj           40%        2d5       3%          2


Dungeon Overview and Level Annotations

Branches:
Dungeon (9/15)             Temple (1/1) D:6
   Lair: D:8-11         Orc: D:9-12

Altars:
Ashenzari
Cheibriados
Dithmenos
Elyvilon
Gozag
Hepliaklqana
Kikubaaqudgha
Nemelex Xobeh
Okawaru
Qazlal
Ru
Sif Muna
Trog
Uskayaw
Vehumet
Xom
Yredelemnul
Zin
The Shining One

Shops:
D:1 :   D:4 [   D:6 !   D:7 !


Innate Abilities, Weirdness & Mutations

You cannot wear most types of armour.
You are amphibious.
You can wear up to eight rings at the same time.
Your skin changes colour to match your surroundings (Stealth+).
Your rubbery body absorbs attacks. (AC +1, EV +1)
You are sensitive to extremes of temperature. (rF-, rC-)
((You are camouflaged when in or above water. (Stealth+)))
You have tentacles for arms and can constrict up to eight enemies at once.


Message History

You feel a surge of power!
The sticky flame hits the wraith but does no damage.
The yak gores you!
Your fulminant prism is smitten.
Your fulminant prism explodes!
The wraith hits you! The wraith drains your vigour!
You feel yourself slow down.
You hear a shout!
You hear a croak.
You hear a shout! x2
You hear an angry hiss.
You hear an angry buzzing noise. x3
You hear an angry hiss.
Unknown command.
Unknown command.
Unknown command.
The yak closely misses you.
The wraith is stunned by your conviction and fails to attack.
The wraith hits you. The wraith drains your vigour!
You feel as though you will be slow longer.
The yak gores you!
You climb upwards.
There is a stone staircase leading down here.
Unknown command.
Okay, then.
You hit the yak but do no damage. You burn the yak.
You kill the yak!
You block the wraith's attack.
Your Fighting skill increases to level 6!
Your Conjurations skill increases to level 3!
The wraith hits you!
* * * LOW HITPOINT WARNING * * *
The wraith drains your vigour!
You feel as though you will be slow longer.
You block the wraith's attack.
As you read the scroll of teleportation, it crumbles to dust.
You feel strangely unstable. The wraith hits you!
* * * LOW HITPOINT WARNING * * *
The wraith drains your vigour!
You feel as though you will be slow longer.
The wraith hits you!
You die...
Ru respects your ultimate sacrifice.

#.# #######.#
#.......#
#.###.... #####
#.###.###
####...###.#.#..#
#>.....#....<#..#
#W#........#.#..#
#@#........[)...#
#.#...#.........##
#.##..#.......[..#
#..........#.....#
####.....#[#)#...#
#.......))...(.
#.......).#).[#
##..[###..)[..[
#..........)..


You could see a wraith.

Vanquished Creatures
  A two-headed ogre (D:8)
  Jeremiah (D:8)
  A hornet (D:8)
  A yak (D:8)
  A water moccasin (D:8)
  2 ice beasts (D:6)
  An orc warrior (D:8)
  3 black bears (D:5)
  A centaur (D:5)
  A phantom (D:5)
  A kobold brigand (D:8)
  4 bullfrogs
  A gnoll sergeant (D:7)
  5 scorpions
  5 wights (D:8)
  A howler monkey (D:8)
  2 bombardier beetles
  3 orc priests
  2 gnoll boudas (D:8)
  4 hounds
  5 iguanas
  A sleepcap (D:4)
  8 orc wizards
  14 gnolls
  7 adders
  2 shadow imps
  2 white imps
  2 ufetubi (D:5)
  4 ribbon worms
  2 dart slugs
  19 orcs
  5 endoplasms
  2 giant cockroaches
  11 goblins
  4 hobgoblins
  3 jackals (D:2)
  10 kobolds
  4 quokkas
  7 ball pythons
  7 bats
  3 frilled lizards
  5 rats
168 creatures vanquished.

Vanquished Creatures (others)
  An orc (D:6)
  2 fulminant prisms (D:9)
3 creatures vanquished.

Grand Total: 171 creatures vanquished

Notes
Turn   | Place    | Note
-------+----------+-------------------------------------------
     0 | D:1      | Aldia the Octopode Alchemist began the quest for the Orb.
     0 | D:1      | Reached XP level 1. HP: 11/11 MP: 3/3
   249 | D:1      | Reached XP level 2. HP: 17/17 MP: 0/5
   259 | D:1      | Learned a level 2 spell: Mercury Vapours
   300 | D:1      | Found Liejezor's Book Boutique.
   572 | D:1      | Reached XP level 3. HP: 22/22 MP: 1/6
   577 | D:1      | Learned a level 3 spell: Mephitic Cloud
   692 | D:2      | Reached skill level 4 in Alchemy
  1064 | D:2      | Found an ancient bone altar of Kikubaaqudgha.
  1517 | D:2      | Reached skill level 1 in Fighting
  1517 | D:2      | Reached skill level 1 in Air Magic
  1517 | D:2      | Reached XP level 4. HP: 25/28 MP: 5/7
  2007 | D:3      | Found a sacrificial altar of Ru.
  2043 | D:3      | Became a worshipper of Ru the Awakened
  2299 | D:3      | Found a shadowy altar of Dithmenos.
  2397 | D:3      | Reached XP level 5. HP: 33/33 MP: 7/9
  2907 | D:4      | Reached XP level 6. HP: 24/39 MP: 10/10
  2914 | D:4      | Learned a level 4 spell: Olgreb's Toxic Radiance
  3157 | D:4      | Gained mutation: You are sensitive to extremes of
                  | temperature. (rF-, rC-) [Ru sacrifice]
  3157 | D:4      | Reached * piety under Ru
  3157 | D:4      | Reached ** piety under Ru
  3221 | D:4      | Found Cuthoa's Antique Armour Shop.
  3229 | D:4      | Reached skill level 5 in Alchemy
  3762 | D:4      | Found an opulent altar of Gozag.
  3838 | D:5      | Entered Level 5 of the Dungeon
  4012 | D:5      | Reached XP level 7. HP: 22/45 MP: 12/12
  4139 | D:5      | Reached skill level 6 in Alchemy
  4150 | D:5      | Learned a level 4 spell: Sticky Flame
  4461 | D:5      | Reached skill level 1 in Fire Magic
  4583 | D:5      | Reached skill level 7 in Alchemy
  4583 | D:5      | Reached XP level 8. HP: 41/52 MP: 9/14
  5373 | D:6      | Found Sar Buuv's Distillery.
  5377 | D:6      | Bought a potion of berserk rage for 55 gold pieces
  5377 | D:6      | Bought a potion of lignification for 33 gold pieces
  5377 | D:6      | Bought a potion of attraction for 33 gold pieces
  5377 | D:6      | Bought a potion of brilliance for 44 gold pieces
  5441 | D:6      | Found a sparkling altar of Nemelex Xobeh.
  5588 | D:6      | Found a staircase to the Ecumenical Temple.
  5598 | Temple   | Entered the Ecumenical Temple
  6092 | D:7      | Found Koam's Distillery.
  6104 | D:7      | Reached skill level 8 in Alchemy
  6105 | D:7      | Reached skill level 5 in Spellcasting
  6109 | D:7      | HP: 2/54 [ice beast (16)]
  6261 | D:7      | Bought a potion of enlightenment for 75 gold pieces
  6266 | D:7      | Reached XP level 9. HP: 52/58 MP: 17/17
  6970 | D:8      | Noticed Jeremiah
  7058 | D:8      | Noticed a hornet
  7154 | D:8      | Killed a hornet
  7298 | D:8      | Killed Jeremiah
  7299 | D:8      | Reached skill level 5 in Fighting
  7833 | D:8      | Learned a level 4 spell: Fulminant Prism
  7925 | D:8      | Reached skill level 5 in Fire Magic
  8084 | D:8      | Found a hazy altar of Hepliaklqana.
  8223 | D:8      | Found a glowing silver altar of Zin.
  8239 | D:8      | Noticed a two-headed ogre
  8252 | D:8      | Killed a two-headed ogre
  8253 | D:8      | Reached skill level 5 in Dodging
  8253 | D:8      | Reached skill level 9 in Alchemy
  8253 | D:8      | Reached XP level 10. HP: 41/68 MP: 4/20
  8444 | D:8      | Mangled by a wraith

Illustrated notes

Levels and vault maps discovered:
D:1:      saegor_arrival_miasma, layout_rooms, serial_shops,
          nicolae_shop_competitors_out_of_business, serial_corexii_hall,
          corexii_hall_statues_x, corexii_hall_statues_u, minmay_fountain_box
D:2:      layout_loops_ring, basic_altar
D:3:      minmay_chambers_of_twos, layout_basic, lemuel_tele_altar,
          mainiacjoe_overflow_tiny_flanked, minmay_stone_trees_small
D:4:      layout_gridville, kennysheep_mini, minmay_misc_feat_four_crosses,
          minmay_shop_grid_forest
D:5:      layout_loops_ring, st_stairs_3, minmay_puff
D:6:      layout_rooms, lemuel_round_altar, temple_pool_b,
          nicolae_stop_n_shop_2, minmay_misc_feat_room
D:7:      layout_rooms, serial_shops, shop, skrybe_limestone_x
D:8:      layout_basic, mainiacjoe_overflow_surrounded_room, zin_treasury,
          uniq_jeremiah
D:9:      layout_big_octagon, grunt_lair_entry_orc_guard_hut,
          dreamdust_gnoll_shepherd
Temple:   nicolae_temple_figure_eight

Skill      XL: |  1  2  3  4  5  6  7  8  9 10 |
---------------+-------------------------------+-----
Stealth        | 3 |  3.0
Alchemy        | 4 5 7 8 9 |  9.0
Fighting       | 1 2 3 4 5 6 |  6.0
Air Magic      | 1 2 |  2.0
Spellcasting   | 3 4 5 6 |  6.7
Conjurations   | 2 3 |  3.1
Fire Magic     | 1 3 5 |  5.0
Dodging        | 3 5 |  5.1

Action                     |  1- 3 |  4- 6 |  7- 9 | 10-12 || total
---------------------------+-------+-------+-------+-------++-------
  Melee: Constrict         |     8 |    22 |    30 |       ||    60
         Tentacles         |     7 |    20 |    34 |       ||    61
         Unarmed           |     2 |       |       |       ||     2
         Short sword       |    15 |    89 |    15 |       ||   119
         Staff             |       |       |    83 |     1 ||    84
   Cast: Sting             |    42 |    27 |   102 |     1 ||   172
         Mercury Vapours   |     1 |     1 |     2 |       ||     4
         Mephitic Cloud    |       |     1 |     6 |       ||     7
         Olgreb's Toxic Ra |       |       |    16 |     2 ||    18
         Sticky Flame      |       |       |    10 |     1 ||    11
         Fulminant Prism   |       |       |       |     2 ||     2
 Invoke: Sacrifice Resista |       |     1 |       |       ||     1
    Use: Scroll            |       |     6 |     6 |     1 ||    13
         Potion            |       |     1 |     1 |       ||     2
   Stab: Sleeping          |     1 |    24 |       |       ||    25
         Invisible         |       |       |     1 |       ||     1
         Distracted        |       |       |     1 |       ||     1
         Confused          |       |       |     1 |       ||     1
 Armour: Skin              |    12 |    35 |    81 |     7 ||   135
  Dodge: Dodged            |    16 |    38 |    91 |     1 ||   146
  Block: Other             |       |    15 |    30 |     2 ||    47
         Reflection        |       |       |     2 |       ||     2

Table legend: (Time is in decaauts)
 A = Elapsed time spent in this place.
 B = Non-inter-level travel time spent in this place.
 C = Inter-level travel time spent in this place.
 D = Time resting spent in this place.
 E = Time spent auto-exploring this place.
 F = Levels seen in this place.
 G = Mean time per level.
                   A        B        C        D        E       F      G
               +--------+--------+--------+--------+--------+-----+--------+
         Total |   8470 |   8101 |    369 |    576 |   6269 |  10 |  847.0 |
       Dungeon |   8468 |   8099 |    369 |    576 |   6269 |   9 |  940.9 |
        Temple |      1 |      1 |      0 |      0 |      0 |   1 |    1.0 |
               +--------+--------+--------+--------+--------+-----+--------+

Top non-repeatable levels by time:
     D:5: 1538 daAuts
     D:4: 1259 daAuts
     D:8: 1180 daAuts
     D:7: 1068 daAuts
     D:2: 957 daAuts
     D:3: 899 daAuts
     D:6: 830 daAuts
     D:1: 722 daAuts
     D:9: 11 daAuts
  Temple: 1 daAuts
